 Dungeon Crawl Stone Soup version 0.24-a0-252-g5076262 (webtiles) character file.

Game seed: 8300547611139480945

107 Azureo the Cudgeler (level 4, -3/34 HPs)
             Began as a Demonspawn Gladiator on Apr 17, 2019.
             Slain by a leopard gecko (4 damage)
             ... on level 3 of the Dungeon.
             The game lasted 00:08:57 (1675 turns).

Azureo the Cudgeler (Demonspawn Gladiator)          Turns: 1675, Time: 00:08:57

Health: -3/34      AC:  7    Str: 16    XL:     4   Next: 56%
Magic:  4/4        EV: 11    Int:  9    God:
Gold:   112        SH:  0    Dex: 14    Spells: 3/3 levels left

rFire    . . .     SeeInvis .   a - +0 flail
rCold    . . .     Gourm    .   (no shield)
rNeg     . . .     Faith    .   p - +0 scale mail
rPois    .         Spirit   .   (helmet restricted)
rElec    .         Reflect  .   (no cloak)
rCorr    .         Harm     .   (no gloves)
MR       +....                  g - +0 pair of boots
Stlth    +.........             (no amulet)
HPRegen  0.11/turn              r - ring of protection from magic
MPRegen  0.09/turn              (no ring)

@: no status effects
A: antennae 1, nightstalker 1, powered by pain 1
a: no special abilities


You were on level 3 of the Dungeon.
You were not hungry.

You visited 1 branch of the dungeon, and saw 3 of its levels.

You collected 112 gold pieces.

Inventory:

Hand Weapons
 a - a +0 flail (weapon)
 q - a +0 long sword of holy wrath
Missiles
 d - 3 throwing nets (quivered)
Armour
 b - a +0 leather armour
 c - a +0 helmet
 e - a +0 ring mail
 g - a +0 pair of boots (worn)
 p - a +0 scale mail (worn)
Jewellery
 r - a ring of protection from magic (left hand)
Wands
 h - a wand of iceblast (6)
Scrolls
 i - a scroll of identify
 j - 3 scrolls of amnesia {unknown}
 k - a scroll of remove curse {unknown}
 o - a scroll of enchant armour {unknown}
 s - a scroll of teleportation {unknown}
Potions
 l - 5 potions of flight {unknown}
 m - a potion of ambrosia {unknown}
 n - a potion of heal wounds {unknown}
Comestibles
 f - 4 rations


   Skills:
 + Level 2.4 Fighting
 + Level 3.9 Maces & Flails
 + Level 2.0 Throwing
 * Level 1.4 Armour
 - Level 3.0 Dodging
 + Level 0.2 Stealth


You had 3 spell levels left.
You didn't know any spells.
Your spell library was empty.

Dungeon Overview and Level Annotations

Branches:
Dungeon (3/15)

Altars:


Innate Abilities, Weirdness & Mutations

You have a pair of small antennae on your head.
You are slightly more attuned to the shadows.
You sometimes gain a little power by taking damage.


Message History

The leopard gecko barely misses you.
The orc priest looks braver for a moment.
You hit the orc priest but do no damage.
The leopard gecko closely misses you.
The orc priest hits you but does no damage.
You sock the orc priest!
The orc priest is heavily wounded.
The leopard gecko barely misses you. The leopard gecko bites you.
* * * LOW HITPOINT WARNING * * *
The orc priest barely misses you.
You hit the orc priest.
The orc priest is severely wounded.
The leopard gecko misses you.
The orc priest calls down the wrath of Beogh upon you.
Beogh smites you!
* * * LOW HITPOINT WARNING * * *
You thump the orc priest!
You kill the orc priest!
The leopard gecko bites you.
You die...

#. #. ########## #.
#......... #. #.......#
.. #. #.......#
....#)#######.......#
.....)@.............#
.....l#######.......###
....(# #.........#
..... #.##......# ....
#.##......# ....
#.####'###. ...
#....#.###. #..........
#....#.####


You could see a leopard gecko.

Vanquished Creatures
  An orc priest (D:3)
  Jessica (D:2)
  An adder (D:2)
  An ooze (D:1)
  A dart slug (D:1)
  3 orcs (D:3)
  A hobgoblin (D:1)
  4 jackals (D:2)
  4 kobolds
  A quokka (D:2)
  6 bats
  3 frilled lizards
  2 goblins (D:1)
  7 rats
36 creatures vanquished.

Notes
Turn   | Place    | Note
-------+----------+-------------------------------------------
     0 | D:1      | Azureo the Demonspawn Gladiator began the quest for the
                  | Orb.
     0 | D:1      | Reached XP level 1. HP: 16/16 MP: 1/1
   634 | D:1      | Gained mutation: You sometimes gain a little power by
                  | taking damage. [demonic ancestry]
   634 | D:1      | Reached XP level 2. HP: 20/22 MP: 2/2
  1302 | D:2      | Gained mutation: You are slightly more attuned to the
                  | shadows. [demonic ancestry]
  1302 | D:2      | Reached XP level 3. HP: 23/27 MP: 3/3
  1400 | D:2      | Noticed Jessica
  1412 | D:2      | Killed Jessica
  1412 | D:2      | Reached skill level 1 in Armour
  1485 | D:2      | Gained mutation: You have a pair of small antennae on your
                  | head. [demonic ancestry]
  1485 | D:2      | Reached XP level 4. HP: 30/33 MP: 4/4
  1674 | D:3      | HP: 1/33 [orc priest/divine providence (8)]
  1675 | D:3      | Slain by a leopard gecko

Levels and vault maps discovered:
D:1:      lemuel_arrival_cross, layout_basic, dk_noncrumbling_3
D:2:      layout_loops_ring, minmay_octomino_j4, uniq_jessica
D:3:      layout_basic, chequers_temple_overflow_statue_of_worship

Skill      XL: |  1  2  3 |
---------------+----------+-----
Maces & Flails | 3 |  3.9
Dodging        | 3 |  3.0
Throwing       | 2 |  2.0
Armour         | 1 |  1.4
Fighting       | |  2.4
Stealth        | |  0.2

Action                   |  1- 3 |  4- 6 || total
-------------------------+-------+-------++-------
Melee: Flail             |    87 |    23 ||   110
  Use: Scroll            |     2 |       ||     2
  Eat: Ration            |     1 |       ||     1
Armor: Ring mail         |    23 |       ||    23
       Scale mail        |    30 |    12 ||    42
Dodge: Dodged            |    60 |    20 ||    80

Table legend:
 A = Non-vault XP
 B = Vault XP
 C = Vault XP percentage of total XP
 D = Non-vault monster count
 E = Vault monster count
 F = Vault count percentage of total count
                 A         B        C        D         E       F
            +---------+---------+-------+---------+---------+-------
      Total |     113 |      40 |  26.1 |      33 |       3 |   8.3
            +---------+---------+-------+---------+---------+-------
        D:1 |      32 |       0 |   0.0 |      17 |       0 |   0.0
        D:2 |      31 |      40 |  56.3 |      12 |       3 |  20.0
        D:3 |      50 |       0 |   0.0 |       4 |       0 |   0.0
            +---------+---------+-------+---------+---------+-------
